AoeStats
← waLLefps.

Arena

505431692Analyzed
1v1 RM · 24d ago on Sep 9, 2026· 35m 36s· 2 players
Game mode
Random Map
Map size
Tiny (2 player)
Population
200
Speed
Normal
Resources
Standard
Victory
Conquest
Starting age
Dark Age
Ending age
Imperial Age
RankedLock teamsTeams togetherTeam positionsShared explorationLock speedFull tech treeHidden civsTurbo modeCheats
Victory
Defeat
🇨🇳 Spanish · China
1395
+15
🇹🇷 Spanish · Türkiye
1374
-15
waLLefps.
12:26 Feudal Age
13:24 Double-Bit Axe
16:00 Castle Age
13:43 Horse Collar
17:03 Bow Saw
16:54 Heavy Plow
22:55 Wheelbarrow
24:13 Hand Cart
24:26 Loom
26:28 Town Watch
29:33 Imperial Age
27:58 Padded Archer Armor
28:01 Husbandry
28:33 Masonry
29:12 Bloodlines
29:19 Leather Archer Armor
29:33 Gold Mining
29:36 Stone Mining
31:08 Cavalier
33:46 Conscription
32:51 Elite Conquistador
32:58 Light Cavalry
34:14 Ring Archer Armor
34:26 Scale Barding Armor
34:02 Hussar
543880365
10:02 Feudal Age
13:35 Castle Age
11:41 Double-Bit Axe
11:52 Horse Collar
14:53 Bow Saw
20:58 Wheelbarrow
20:32 Town Watch
21:13 Heavy Plow
23:02 Loom
26:53 Imperial Age
24:45 Padded Archer Armor
26:23 Leather Archer Armor
26:23 Husbandry
26:33 Bloodlines
26:41 Hand Cart
26:56 Stone Mining
26:58 Gold Mining
27:59 Conscription
28:21 Ring Archer Armor
28:15 Ballistics
29:29 Chemistry
29:21 Elite Conquistador
32:13 Scale Barding Armor
32:19 Forging
34:44 Fletching
35:44 Bodkin Arrow
36:21 Fortified Wall
36:22 Masonry
36:08 Murder Holes
Connection lost

Rejoining the realm…

Still unreachable

The connection could not be restored.

Session expired

The server has moved on; the page needs a fresh start.